 Dungeon Crawl Stone Soup version 0.29.0-11-gd7f09526c8 (webtiles) character file.

Game seed: 2827632899916201161

48 LabCoat the Chopper (level 3, 0/33 HPs)
             Began as a Hill Orc Fighter on Sept 4, 2022.
             Killed from afar by an orc wizard (3 damage)
             ... with a puff of flame
             ... on level 3 of the Dungeon.
             The game lasted 00:03:08 (1324 turns).

LabCoat the Chopper (Hill Orc Fighter)              Turns: 1324, Time: 00:03:09

Health: 0/33       AC:  8    Str: 26    XL:     3   Next: 72%
Magic:  3/3        EV:  9    Int:  4    God:
Gold:   82         SH:  5    Dex: 14    Spells: 2/2 levels left

rFire   x . .      SeeInvis +   a - +0 war axe
rCold   + . .      Faith    .   c - +0 buckler
rNeg    + . .      Spirit   .   b - +0 scale mail
rPois   .          Reflect  .   (no helmet)
rElec   .          Harm     .   (no cloak)
rCorr   .          Rampage  .   (no gloves)
Will    .....                   g - +0 pair of boots
Stlth   ..........              (no amulet)
HPRegen 0.11/turn               j - ring of the Mutiny {Ice rN+ Int-4 Dex+4 SInv}
MPRegen 0.08/turn               h - +6 ring of strength

@: no status effects
A: no striking features
a: Convert to Beogh


You were on level 3 of the Dungeon.
You visited 1 branch of the dungeon, and saw 3 of its levels.

You collected 82 gold pieces.

Inventory:

Hand Weapons
 a - a +0 war axe (weapon)
 e - a +0 club
Armour
 b - a +0 scale mail (worn)
 c - a +0 buckler (worn)
 g - a +0 pair of boots (worn)
Jewellery
 h - a +6 ring of strength (right hand)
 j - the ring of the Mutiny (left hand) {Ice rN+ Int-4 Dex+4 SInv}
   (You found it on level 2 of the Dungeon)

   [ring of ice]

   It enhances your ice magic.
   Int:       It affects your intelligence (-4).
   Dex:       It affects your dexterity (+4).
   rF:        It makes you vulnerable to fire.
   rC:        It protects you from cold.
   rN:        It protects you from negative energy.
   SInv:      It lets you see invisible.
Potions
 d - a potion of might
 f - a potion of lignification
 i - a potion of heal wounds {unknown}


   Skills:
 + Level 4.0 Fighting
 * Level 4.1 Axes
 + Level 3.5 Armour
 + Level 3.7 Shields


You had 2 spell levels left.
You didn't know any spells.
Your spell library was empty.

Dungeon Overview and Level Annotations

Branches:
Dungeon (3/15)

Altars:


Message History

You kill the dart slug!
You block the quokka's attack.
Your Axes skill increases to level 4!
You slash the quokka!
You kill the quokka! 2 orcs and an orc wizard come into view.
The orc shouts! x2; The orc wizard shouts!
An orc comes into view. It is wielding a +0 hand axe.
An orc priest comes into view. It is wielding a +0 flail.
The orc priest shouts, "Beogh is our master!
Accept the truth or die!" (press Y on the ability menu to convert to Beogh)
The orc shouts!
The orc priest looks encouraged for a moment.
You slash the orc wizard!
The orc wizard is severely wounded.
The orc wizard barely misses you.
You hit the orc wizard but do no damage.
The orc wizard is severely wounded.
You barely miss the orc.
The orc wizard hits you but does no damage.
The orc hits you with a +0 falchion. The orc barely misses you.
The orc wizard gestures at you while chanting.
The puff of flame hits you. The fire burns you terribly!
The orc wizard gestures at you while chanting.
The magic dart hits you!
There is a stone staircase leading up here.
You hit the orc.
The orc is lightly wounded.
The orc hits you with a +0 falchion.
You closely miss the orc.
The orc is lightly wounded.
A frilled lizard comes into view.
The orc priest mumbles some strange prayers to Beogh against you.
Beogh smites you!
* * * LOW HITPOINT WARNING * * *
The orc closely misses you.
The frilled lizard hisses angrily.
The orc wizard casts a spell at you. The puff of flame hits you.
The fire burns you terribly!
You die...

... ..#
##########..
#..........
#.........#
#.........# #
##.........#.####
......†ooo.......
#.....@.ol#.....
#.....o...# ###
#.........#
#.........#
#####..##.# #..#
#. #..# .# #..#
.#


You could see an orc priest, an orc wizard, 3 orcs and a frilled lizard.

Vanquished Creatures
  An adder (D:2)
  A worm (D:2)
  2 dart slugs
  3 bats
  4 endoplasms
  4 kobolds
  3 quokkas
  5 ball pythons
  A frilled lizard (D:2)
  6 goblins
  2 rats (D:2)
32 creatures vanquished.

Notes
Turn   | Place    | Note
-------+----------+-------------------------------------------
     0 | D:1      | LabCoat the Hill Orc Fighter began the quest for the Orb.
     0 | D:1      | Reached XP level 1. HP: 19/19 MP: 1/1
   376 | D:1      | Reached XP level 2. HP: 25/27 MP: 2/2
   414 | D:1      | You fall into a shaft and drop 1 floor!
   636 | D:2      | Reached XP level 3. HP: 33/33 MP: 3/3
   729 | D:2      | Identified the ring of the Mutiny {Ice rN+ Int-4 Dex+4
                  | SInv}
  1324 | D:3      | Killed from afar by an orc wizard

Illustrated notes

Levels and vault maps discovered:
D:1:      dpeg_arrival_rhombi, layout_rooms, serial_glass, glass_columns_a,
          glass_columns_b, glass_columns_a, feat_on_display, feat_on_display,
          dreamdust_ecumenical_altar_grove, roderic_lattice_a,
          amcnicky_mini_rare_corridor_liquid
D:2:      minmay_spotlight, layout_basic
D:3:      cheibrodos_fertilizer, layout_loops_ring, dreamdust_wishing_well,
          minmay_misc_feat_x

Skill      XL: |  1  2  3 |
---------------+----------+-----
Axes           | 3 4 |  4.1
Fighting       | 4 |  4.0
Armour         | |  3.5
Shields        | |  3.7

Action                   || total
-------------------------++-------
Melee: War axe           ||    88
  Use: Scroll            ||     4
Armor: Scale mail        ||    30
Dodge: Dodged            ||    50
Block: Buckler           ||    29
